[Event "Titled Tuesday Blitz December 06 Late 2022"]
[White "Torres Dominguez, David"]
[Black "Polster, Christian"]
[WhiteFideId "2220857"]
[BlackFideId "12965081"]
[WhiteElo "2037"]
[BlackElo "2195"]
[Result "1-0"]
[Round "07"]
[TimeControl "180+1"]
[Date "2022.12.07"]
[WhiteClock "0:00:32"]
[BlackClock "0:00:03"]

1. e4 c5 2. Nf3 d6 3. d4 cxd4 4. Nxd4 Nf6 5. Nc3 a6 6. f4 e6 7. Be2 Be7 8. O-O b5 9. a3 Bb7 10. Bf3 Qc7 11. e5 dxe5 12. fxe5 Nfd7 13. Bxb7 Qxb7 14. Qg4 Bc5 15. Be3 O-O 16. Ne4 Nxe5 17. Nf6+ Kh8 18. Qh4 h6 19. Bxh6 Bxd4+ 20. Kh1 gxf6 21. Qxf6+ Kh7 22. Qg7# 1-0


[Site "https://www.chess.com"]

[Event "Titled Tuesday Blitz December 06 Late 2022"]
[White "Van Dael, Siem"]
[Black "Bazeev, German"]
[WhiteFideId "1049771"]
[BlackFideId "24119350"]
[WhiteElo "2336"]
[BlackElo "2501"]
[Result "0-1"]
[Round "07"]
[TimeControl "180+1"]
[Date "2022.12.06"]
[WhiteClock "0:00:43"]
[BlackClock "0:00:49"]

1. e4 c5 2. Nf3 Nf6 3. Nc3 Nc6 4. d4 d5 5. exd5 Nxd5 6. Bb5 Nxc3 7. bxc3 cxd4 8. O-O e6 9. cxd4 Be7 10. Ne5 Bd7 11. Nxc6 Bxc6 12. Bxc6+ bxc6 13. c3 O-O 14. Qg4 Rb8 15. Bf4 Rb5 16. Be5 Bf6 17. a4 Rb3 18. Bxf6 Qxf6 19. Qg3 Qg6 20. Qf3 Rc8 21. Rfc1 Qf5 22. Qxf5 exf5 23. c4 Kf8 24. g3 Ke7 25. Re1+ Kd7 26. Re5 g6 27. Rae1 Rc7 28. Re7+ Kc8 29. Rxc7+ Kxc7 30. Re7+ Kb6 31. Rxf7 Rb4 32. c5+ Ka6 33. Rxh7 Rxa4 34. Rc7 Kb5 35. Rg7 a5 36. Rxg6 Rxd4 37. Rg8 a4 38. Rb8+ Kc4 39. h4 a3 40. Ra8 Kb3 41. h5 a2 42. h6 Rd1+ 43. Kg2 a1=Q 44. Rb8+ Kc4 45. h7 Rg1+ 46. Kf3 Rh1 47. Rf8 Qe5 48. Kg2 Rxh7 49. Rd8 Qe4+ 50. f3 Qe2+ 51. Kg1 Qxf3 0-1


[Site "https://www.chess.com"]

[Event "Titled Tuesday Blitz December 06 Late 2022"]
[White "Weisz, Bryan"]
[Black "Jaskolka, Tomasz"]
[WhiteFideId "30934133"]
[BlackFideId "1170791"]
[WhiteElo "2297"]
[BlackElo "2126"]
[Result "1-0"]
[Round "07"]
[TimeControl "180+1"]
[Date "2022.12.07"]
[WhiteClock "0:00:09"]
[BlackClock "0:00:18"]

1. e4 c5 2. Nf3 e6 3. d4 cxd4 4. Nxd4 Nc6 5. Nb5 d6 6. a4 a6 7. N5c3 Nf6 8. Bg5 Be7 9. Nd2 h6 10. Bh4 b6 11. Nc4 Bb7 12. Bxf6 gxf6 13. Qd2 Ne5 14. Rd1 Nxc4 15. Bxc4 Rc8 16. Bb3 Qc7 17. O-O Qc5 18. Kh1 f5 19. Rfe1 fxe4 20. Nxe4 Qc6 21. f3 Rd8 22. Ng3 Bg5 23. Qe2 Kd7 24. Ne4 Kc7 25. c4 Be7 26. Nc3 Rhg8 27. Nd5+ Kd7 28. Nxe7 Kxe7 29. Qd2 Qxf3 30. Rg1 Qc6 31. Rdf1 Rg6 32. Bd1 Qxc4 33. Bh5 Bxg2+ 34. Qxg2 Rxg2 35. Rxf7+ Ke8 36. Rf4+ Kd7 37. Rxc4 Rxg1+ 38. Kxg1 Rg8+ 39. Rg4 Rf8 40. Rg7+ Kc6 41. Rg6 e5 42. Rxh6 Rf4 43. Rg6 Rxa4 44. Bf3+ e4 45. Bg2 Rb4 46. Rg4 d5 47. h4 Rxb2 48. h5 e3 49. h6 e2 50. Kf2 e1=Q+ 51. Kxe1 Rb1+ 52. Kf2 Rb2+ 53. Kg1 Rb1+ 54. Kh2 Re1 55. h7 Re8 56. Rg8 Re5 57. h8=Q a5 58. Qxe5 Kb5 59. Rg5 Ka4 60. Qxd5 Ka3 61. Qd3+ Ka4 62. Rg4# 1-0


[Site "https://www.chess.com"]

[Event "Titled Tuesday Blitz December 06 Late 2022"]
[White "Womacka, Mathias"]
[Black "Yeritsyan, Hayk"]
[WhiteFideId "4611390"]
[BlackFideId "13307320"]
[WhiteElo "2377"]
[BlackElo "2433"]
[Result "1-0"]
[Round "07"]
[TimeControl "180+1"]
[Date "2022.12.07"]
[WhiteClock "0:00:09"]
[BlackClock "0:00:06"]

1. e4 c6 2. d4 d5 3. Nd2 dxe4 4. Nxe4 Nd7 5. Nf3 Ngf6 6. Ng3 e6 7. Bd3 c5 8. c3 b6 9. O-O Bb7 10. Re1 Be7 11. Bf4 Nd5 12. Bd2 O-O 13. Qe2 Qc7 14. Ne5 cxd4 15. cxd4 N7f6 16. a3 Rac8 17. Rad1 Rfd8 18. h4 h6 19. Nxf7 Kxf7 20. Qxe6+ Kf8 21. Bg6 Bd6 22. Nf5 Qd7 23. Nxd6 Qxe6 24. Rxe6 Rc7 25. Nxb7 Rxb7 26. Rde1 Kg8 27. g4 Nh7 28. g5 hxg5 29. hxg5 Nf8 30. Re8 Rxe8 31. Rxe8 Re7 32. Rxe7 Nxe7 33. Be4 Ne6 34. d5 Nc5 35. Bf3 Nb7 36. Bb4 Nf5 37. Bg4 Nfd6 38. Be6+ Kf8 39. f4 Ke7 40. Kf2 a5 41. Bc3 Ne4+ 42. Ke3 Nxc3 43. bxc3 Kd6 44. f5 Nc5 45. Kd4 Nb3+ 46. Kc4 Nc5 47. Kb5 Nxe6 48. dxe6 Ke5 49. e7 Kxf5 50. e8=Q Kxg5 51. Qe7+ 1-0


[Site "https://www.chess.com"]

[Event "Titled Tuesday Blitz December 06 Late 2022"]
[White "Xiong, Jeffery"]
[Black "Eljanov, Pavel"]
[WhiteFideId "2047640"]
[BlackFideId "14102951"]
[WhiteElo "2726"]
[BlackElo "2598"]
[Result "1/2-1/2"]
[Round "07"]
[TimeControl "180+1"]
[Date "2022.12.06"]
[WhiteClock "0:00:31"]
[BlackClock "0:01:50"]

1. e4 e5 2. Nf3 Nc6 3. Nc3 Nf6 4. d4 exd4 5. Nxd4 Bb4 6. Nxc6 bxc6 7. Bd3 O-O 8. O-O d5 9. exd5 cxd5 10. h3 c6 11. Qf3 h6 12. Bf4 Bd6 13. Rfe1 Bxf4 14. Qxf4 c5 15. Rad1 Bd7 16. Bf5 Bc6 17. Ne4 Nxe4 18. Bxe4 Qb8 19. Qxb8 Rfxb8 20. Bxd5 Bxd5 21. Rxd5 Rxb2 22. Rxc5 Rxa2 23. Rc7 a5 24. Ree7 Rf8 25. Rc4 a4 26. Ra7 a3 27. Rc3 Ra1+ 28. Kh2 a2 29. Kg3 Rb8 30. Rb3 Rxb3+ 31. cxb3 Rb1 32. Rxa2 Rxb3+ 33. Kh2 1/2-1/2


[Site "https://www.chess.com"]

[Event "Titled Tuesday Blitz December 06 Late 2022"]
[White "Xu, Grant"]
[Black "Moksh Amit Doshi"]
[WhiteFideId "2052318"]
[BlackFideId "25064967"]
[WhiteElo "2186"]
[BlackElo "2297"]
[Result "1-0"]
[Round "07"]
[TimeControl "180+1"]
[Date "2022.12.07"]
[WhiteClock "0:01:12"]
[BlackClock "0:00:21"]

1. e4 c5 2. d4 cxd4 3. c3 Nf6 4. e5 Nd5 5. Nf3 Nc6 6. Bc4 e6 7. cxd4 d6 8. a3 Bd7 9. O-O Be7 10. Re1 O-O 11. Nbd2 Rc8 12. Bd3 Re8 13. Ne4 dxe5 14. dxe5 h6 15. b4 a6 16. Bb2 Na7 17. Qd2 Bb5 18. Bxb5 Nxb5 19. Rac1 Nb6 20. Rxc8 Qxc8 21. Rc1 Qd8 22. Qc2 Qd5 23. a4 Nxa4 24. Nf6+ Bxf6 25. Qxa4 Be7 26. Rd1 Qe4 27. h3 Qxb4 28. Qc2 a5 29. Rd7 a4 30. Rxb7 a3 31. Bxa3 Nxa3 32. Qc6 Qxb7 33. Qxb7 Bf8 34. g4 Rd8 35. g5 h5 36. g6 fxg6 37. Ng5 Nc2 38. Qf7+ Kh8 39. Qxg6 1-0


[Site "https://www.chess.com"]

[Event "Titled Tuesday Blitz December 06 Late 2022"]
[White "Yoo, Christopher Woojin"]
[Black "Popilski, Gil"]
[WhiteFideId "30909694"]
[BlackFideId "2809060"]
[WhiteElo "2463"]
[BlackElo "2537"]
[Result "1/2-1/2"]
[Round "07"]
[TimeControl "180+1"]
[Date "2022.12.06"]
[WhiteClock "0:00:13"]
[BlackClock "0:00:06"]

1. Nf3 d5 2. b3 Bg4 3. Bb2 Bxf3 4. exf3 e6 5. g3 Nf6 6. Bg2 Nc6 7. f4 Ne7 8. O-O h5 9. h4 Nf5 10. Bh3 g6 11. d3 Bc5 12. Kg2 Bd4 13. c3 Bb6 14. Nd2 c6 15. Nf3 O-O 16. Qe2 Re8 17. Rad1 a5 18. a4 Bc5 19. c4 Bf8 20. Rfe1 Bg7 21. Ne5 Qb6 22. Bxf5 exf5 23. Qc2 Rad8 24. Re2 Re6 25. Rde1 Rde8 26. Nxg6 Rxe2 27. Rxe2 fxg6 28. cxd5 Qd8 29. Rxe8+ Nxe8 30. dxc6 Qd5+ 31. f3 bxc6 32. Ba3 Bd4 33. Qe2 Nf6 34. Qe7 c5 35. Bc1 Qxb3 36. Qd8+ Kg7 37. Qe7+ Qf7 38. Qe2 Nd5 39. Bd2 Nb4 40. Kh3 Kh6 41. g4 hxg4+ 42. fxg4 Qb7 43. g5+ Kh7 44. Kg3 Nd5 45. h5 gxh5 46. Qxh5+ Kg8 47. Qg6+ Kf8 48. Qxf5+ Ke8 49. Qe6+ Ne7 50. f5 Qc7+ 51. Bf4 Qd7 52. Qxd7+ Kxd7 53. Kg4 Nd5 54. Bd2 Nb4 55. f6 Ke6 56. Kh5 Kf7 57. Kg4 Kg6 58. Kf4 Nxd3+ 59. Ke4 Nb2 60. Bxa5 Nxa4 61. Kd5 Kxg5 62. f7 Bg7 63. Ke6 Kg6 64. Ke7 c4 65. f8=Q Bxf8+ 66. Kxf8 Kf6 67. Ke8 Ke6 68. Kf8 Kd5 69. Kf7 Nc5 70. Kf6 Nb3 71. Bc3 Nd4 72. Kg5 Ke4 73. Kg4 Kd3 74. Ba5 Nc6 75. Be1 Ne5+ 76. Kf4 Nc6 77. Kf3 Nd4+ 78. Kf2 Nb3 79. Bb4 Nd4 80. Ba5 Nc2 81. Kf3 Ne3 82. Kf2 Nc2 83. Kf3 Na1 84. Kf2 Kc2 85. Ke3 Kb3 86. Kd2 Nc2 87. Bc3 Nb4 88. Bh8 Nd5 89. Bd4 Nb4 90. Bh8 Na6 91. Bd4 Nc7 92. Be5 Nb5 93. Bh8 Na3 94. Bg7 Nb1+ 95. Kc1 Nc3 96. Kd2 Ne4+ 97. Ke3 Nd6 98. Kd2 Nf5 99. Bh8 Nh4 100. Bf6 Nf3+ 101. Ke3 Ne1 102. Kd2 Nd3 103. Bh8 Nc5 104. Bg7 Ne4+ 105. Ke3 Nd6 106. Kd2 Nb5 107. Bh8 Ka2 108. Kc2 Ka3 109. Bc3 Ka4 110. Bd2 Na3+ 111. Kc3 Kb5 112. Bc1 Nb1+ 113. Kc2 c3 114. Kxb1 Kc4 115. Kc2 Kb4 116. Bh6 Ka3 117. Bg7 Ka2 118. Bxc3 1/2-1/2


[Site "https://www.chess.com"]

[Event "Titled Tuesday Blitz December 06 Late 2022"]
[White "Zhu, Jiner"]
[Black "Ozen, Batuhan"]
[WhiteFideId "8608059"]
[BlackFideId "6345123"]
[WhiteElo "2384"]
[BlackElo "2378"]
[Result "1-0"]
[Round "07"]
[TimeControl "180+1"]
[Date "2022.12.07"]
[WhiteClock "0:02:20"]
[BlackClock "0:01:57"]

1. c4 e5 2. Nc3 Nf6 3. Nf3 Nc6 4. e4 Bc5 5. Nxe5 Nxe5 6. d4 Qe7 7. dxc5 Qxc5 8. Be2 Qe7 9. O-O h6 10. Kh1 d6 11. f4 Nc6 12. Bf3 O-O 13. Re1 Be6 14. Nd5 Bxd5 15. exd5 1-0


[Site "https://www.chess.com"]

[Event "Titled Tuesday Blitz December 06 Late 2022"]
[White "Zierk, Steven"]
[Black "Gallo Garcia, Kemel Antonio"]
[WhiteFideId "2034255"]
[BlackFideId "3523896"]
[WhiteElo "2494"]
[BlackElo "2359"]
[Result "1/2-1/2"]
[Round "07"]
[TimeControl "180+1"]
[Date "2022.12.06"]
[WhiteClock "0:00:09"]
[BlackClock "0:00:11"]

1. e4 e5 2. Nf3 Nc6 3. Bb5 a6 4. Ba4 Nf6 5. O-O Be7 6. d3 b5 7. Bb3 d6 8. a4 Bd7 9. Nc3 Na5 10. Ba2 b4 11. Nd5 Nxd5 12. Bxd5 Rb8 13. Be3 c6 14. Ba2 b3 15. Bxb3 Nxb3 16. cxb3 c5 17. Nd2 O-O 18. f4 f6 19. Qc2 Qb6 20. fxe5 fxe5 21. Qc4+ Kh8 22. Rxf8+ Rxf8 23. Rf1 Rxf1+ 24. Kxf1 h6 25. Qf7 Qd8 26. Nc4 Be8 27. Qd5 Bh5 28. Ke1 Qf8 29. Qe6 Bh4+ 30. Kd2 Qf1 31. Qc8+ Kh7 32. Qf5+ Qxf5 33. exf5 Be7 34. h3 Be8 35. Nb6 Bc6 36. g3 Bd8 37. Nc8 Bc7 38. Kc3 Bg2 39. h4 Kg8 40. b4 cxb4+ 41. Kxb4 Kf7 42. Bb6 Bb8 43. Ba7 Bc7 44. Bb6 Bb8 45. Bd8 Bb7 46. Nb6 d5 47. Kc5 e4 48. dxe4 dxe4 49. Kd4 Bxg3 50. Nc4 Bf2+ 51. Ne3 g6 52. fxg6+ Kxg6 53. b4 Bc6 54. b5 axb5 55. a5 b4 56. Bb6 b3 57. Kc3 Bxe3 58. Bxe3 Bd5 59. a6 Kh5 60. a7 Kxh4 61. Bxh6 Kg4 62. Bc1 Kf3 63. Kd4 Ba8 64. Kc3 b2 65. Kxb2 e3 66. Bxe3 Kxe3 67. Kc3 Ke4 68. Kd2 Ke5 69. Ke2 Kd6 70. Kd2 Kc7 71. Ke2 Kb7 72. Kd2 Ka6 73. Ke2 Bb7 74. Kd2 Kxa7 1/2-1/2


[Site "https://www.chess.com"]

[Event "Titled Tuesday Blitz December 06 Late 2022"]
[White "monkins"]
[Black "Dzierzak, Radoslaw"]
[BlackFideId "1161407"]
[WhiteElo "2241"]
[BlackElo "2111"]
[Result "0-1"]
[Round "07"]
[TimeControl "180+1"]
[Date "2022.12.07"]
[WhiteClock "0:00:01"]
[BlackClock "0:00:24"]

1. Nf3 Nf6 2. g3 d5 3. Bg2 c5 4. c4 d4 5. b4 cxb4 6. a3 bxa3 7. Bxa3 Nc6 8. d3 e5 9. Bxf8 Kxf8 10. O-O g6 11. Na3 Kg7 12. Qc2 Re8 13. Nd2 Nb4 14. Qb3 a5 15. Nb5 Ra6 16. Rfb1 Nd7 17. Ne4 Ree6 18. Qb2 f5 19. Nd2 Nc5 20. Kf1 b6 21. f4 Ncxd3 22. exd3 Nxd3 23. Qc2 e4 24. Nxe4 fxe4 25. Bxe4 Rxe4 26. Qxd3 Bf5 27. Qd2 Ra8 28. Re1 d3 29. Rxe4 Bxe4 30. Re1 Bf5 31. Qc3+ Kg8 32. Nd4 Qd7 0-1


[Site "https://www.chess.com"]

[Event "Titled Tuesday Blitz December 06 Late 2022"]
[White "Adewumi, Tanitoluwa"]
[Black "Figorito, Nick"]
[WhiteFideId "30966396"]
[BlackFideId "30923689"]
[WhiteElo "2511"]
[BlackElo "2395"]
[Result "1-0"]
[Round "08"]
[TimeControl "180+1"]
[Date "2022.12.07"]
[WhiteClock "0:01:00"]
[BlackClock "0:00:09"]

1. e4 e6 2. d4 d5 3. exd5 exd5 4. Nf3 Bd6 5. c4 Nf6 6. c5 Be7 7. Bd3 b6 8. Be3 bxc5 9. dxc5 O-O 10. O-O Bg4 11. Nbd2 Nc6 12. h3 Bh5 13. Qa4 Qd7 14. Bb5 Qf5 15. Bxc6 Rab8 16. b3 Qg6 17. Ne5 Qf5 18. Nd7 Nxd7 19. Bxd7 Qg6 20. Bg4 Bf6 21. Bxh5 Qxh5 22. Rad1 Rbd8 23. Nf3 Rfe8 24. Nd4 Re4 25. Qxa7 Be5 26. Nc6 Re8 27. Nxe5 Qxe5 28. c6 Qd6 29. Qc5 Qg6 30. Qxd5 h5 31. Qg5 Qxc6 32. Qxh5 R4e6 33. Rd5 Rg6 34. Rg5 Ree6 35. Rxg6 Rxg6 36. g3 Qe4 37. Rd1 Rxg3+ 38. fxg3 Qxe3+ 39. Kg2 g6 40. Qf3 Qe6 41. Rf1 Kg7 42. Qxf7+ Qxf7 43. Rxf7+ Kxf7 44. a4 c5 45. a5 Ke6 46. a6 Kd7 47. a7 Kc7 48. a8=Q 1-0


[Site "https://www.chess.com"]

[Event "Titled Tuesday Blitz December 06 Late 2022"]
[White "Aghasiyev, Kamal"]
[Black "Reprintsev, Alexander"]
[WhiteFideId "13402854"]
[BlackFideId "14100541"]
[WhiteElo "2341"]
[BlackElo "2230"]
[Result "1-0"]
[Round "08"]
[TimeControl "180+1"]
[Date "2022.12.07"]
[WhiteClock "0:00:06"]
[BlackClock "0:00:03"]

1. e4 d5 2. exd5 Qxd5 3. Nc3 Qa5 4. d4 Nf6 5. Nf3 Nc6 6. Bb5 Ne4 7. O-O Nxc3 8. Bxc6+ bxc6 9. bxc3 Bf5 10. Bd2 e6 11. Ne5 Qa4 12. Qf3 Bd6 13. Qxc6+ Qxc6 14. Nxc6 Bxc2 15. Rfe1 Ba4 16. Ne5 f6 17. Nd3 Kf7 18. c4 Bc2 19. Nb4 Bxb4 20. Bxb4 a5 21. Ba3 Rhd8 22. Rac1 Ba4 23. d5 e5 24. f4 Re8 25. fxe5 Rxe5 26. Rxe5 fxe5 27. Rf1+ Kg6 28. Re1 Re8 29. Kf2 Bd7 30. Rb1 Rc8 31. Rb7 Kf5 32. Ke3 Be8 33. Ra7 a4 34. Bb4 g5 35. h3 h5 36. Ra6 g4 37. Be7 e4 38. h4 g3 39. Rf6+ Ke5 40. Re6+ Kf5 41. Rxe4 Rb8 42. Rf4+ Ke5 43. Bf6+ Kd6 44. Bd4 c5 45. Rf6+ Ke7 46. Re6+ Kd7 47. Bxc5 Rb2 48. Re7+ Kd8 49. Re5 Rxg2 50. Bb6+ Kd7 51. c5 Bg6 52. Rg5 1-0


[Site "https://www.chess.com"]

[Event "Titled Tuesday Blitz December 06 Late 2022"]
[White "Aldokhin, Ivan"]
[Black "Mazurkiewicz, Michal"]
[WhiteFideId "24115720"]
[BlackFideId "1124943"]
[WhiteElo "2313"]
[BlackElo "2081"]
[Result "0-1"]
[Round "08"]
[TimeControl "180+1"]
[Date "2022.12.07"]
[WhiteClock "0:00:02"]
[BlackClock "0:01:22"]

1. e4 d6 2. Nc3 Nf6 3. d4 c6 4. Nf3 Bg4 5. h3 Bh5 6. g4 Bg6 7. Bd3 e6 8. Qe2 d5 9. Bf4 dxe4 10. Nxe4 Nxe4 11. Bxe4 Bd6 12. Ne5 Bxe4 13. Qxe4 Qc7 14. O-O-O Nd7 15. g5 O-O-O 16. Bg3 Nxe5 17. Bxe5 Bxe5 18. dxe5 g6 19. f4 Rd5 20. c4 Rdd8 21. b4 Qb6 22. c5 Qa6 23. Kb2 Rd5 24. Rxd5 cxd5 25. Qd4 Qe2+ 26. Ka1 h6 27. a4 hxg5 28. fxg5 Qg2 29. Rc1 Rxh3 30. Qc3 Rxc3 31. Rxc3 Qxg5 0-1


[Site "https://www.chess.com"]

[Event "Titled Tuesday Blitz December 06 Late 2022"]
[White "Alimpic, Aleksa"]
[Black "Simonovic, Miroslav"]
[WhiteFideId "974323"]
[BlackFideId "919152"]
[WhiteElo "2283"]
[BlackElo "2057"]
[Result "0-1"]
[Round "08"]
[TimeControl "180+1"]
[Date "2022.12.07"]
[WhiteClock "0:00:01"]
[BlackClock "0:00:51"]

1. d4 Nf6 2. Nf3 c5 3. c3 b6 4. Bg5 Ne4 5. Bf4 Bb7 6. e3 d6 7. Nbd2 g6 8. Bd3 Nxd2 9. Qxd2 Bg7 10. O-O Bxf3 11. gxf3 Nd7 12. Rfd1 O-O 13. Bg3 Qc7 14. a4 Rad8 15. f4 c4 16. Be4 e6 17. Bg2 f5 18. Bh4 Rde8 19. Qc2 d5 20. b4 cxb3 21. Qxb3 Rc8 22. Rdc1 Bf6 23. Bxf6 Nxf6 24. Bf1 Ne4 25. c4 Nd2 26. Qa2 Nxc4 27. Rc3 a6 28. Bxc4 dxc4 29. Rac1 b5 30. axb5 axb5 31. Qa3 Ra8 32. Qb4 Qc6 33. Rb1 Rfb8 34. Qe7 Rb7 0-1


[Site "https://www.chess.com"]

[Event "Titled Tuesday Blitz December 06 Late 2022"]
[White "Ambartsumova, Karina"]
[Black "Graif, William"]
[WhiteFideId "4166299"]
[BlackFideId "2609835"]
[WhiteElo "2319"]
[BlackElo "2205"]
[Result "1-0"]
[Round "08"]
[TimeControl "180+1"]
[Date "2022.12.07"]
[WhiteClock "0:00:12"]
[BlackClock "0:00:10"]

1. Nf3 d5 2. c4 e6 3. e3 Nf6 4. b3 b6 5. Bb2 Bb7 6. Nc3 Nbd7 7. Be2 Bd6 8. O-O a6 9. d4 O-O 10. Rc1 Qe7 11. Re1 Ne4 12. Nxe4 dxe4 13. Nd2 f5 14. Nf1 Qh4 15. a3 Rf6 16. g3 Qh3 17. c5 bxc5 18. dxc5 Ne5 19. Bxe5 Bxe5 20. c6 Bc8 21. Qc2 Bd6 22. Red1 e5 23. Bc4+ Kf8 24. Bd5 f4 25. exf4 exf4 26. Bxe4 f3 27. Bxf3 Rxf3 28. Qe4 Bg4 29. Ne3 h5 30. Rxd6 cxd6 31. c7 Rc8 32. Nd5 Rf7 33. Qb4 Bf3 34. Qxd6+ Kg8 35. Ne3 Rd7 36. Qf4 Bb7 37. Qb4 Qe6 38. Qxb7 Re7 39. Rd1 Rcxc7 40. Qb8+ Kh7 41. Qb4 Rcd7 42. Rf1 Qf6 43. Qc4 Qg6 44. b4 Ra7 45. a4 Rec7 46. Qb3 a5 47. b5 Rab7 48. Rb1 Qf6 49. h4 Kh8 50. Nd5 Qd6 51. Nxc7 Qxc7 52. b6 Qc6 53. Qb5 Qc3 54. Kg2 g6 55. Rb3 Qd4 56. Rb1 Qe4+ 57. Kg1 Qf5 58. Qxf5 gxf5 59. Rb5 Kg7 60. Kg2 Kg6 61. Kf3 Kf6 62. Kf4 Kg6 63. Ke5 f4 64. gxf4 Kf7 65. Kd6 Kf6 66. Kc6 Rf7 67. b7 Rf8 68. b8=Q Rxb8 69. Rxb8 Kf5 70. Rb5+ Kxf4 71. Rxh5 Kf3 72. Rxa5 Kxf2 73. Rb5 Kg3 74. h5 Kg4 75. h6 1-0


[Site "https://www.chess.com"]

[Event "Titled Tuesday Blitz December 06 Late 2022"]
[White "Andreikin, Dmitry"]
[Black "Abasov, Nijat"]
[WhiteFideId "4158814"]
[BlackFideId "13402960"]
[WhiteElo "2735"]
[BlackElo "2546"]
[Result "0-1"]
[Round "08"]
[TimeControl "180+1"]
[Date "2022.12.06"]
[WhiteClock "0:00:05"]
[BlackClock "0:00:09"]

1. d4 Nf6 2. c4 e6 3. Nf3 b6 4. a3 Bb7 5. Nc3 d5 6. cxd5 Nxd5 7. e3 Be7 8. Bd3 O-O 9. Qc2 h6 10. e4 Nxc3 11. bxc3 c5 12. O-O Qc8 13. Qe2 Ba6 14. Rd1 Bxd3 15. Rxd3 cxd4 16. cxd4 Nd7 17. Bb2 Qa6 18. Re1 Rac8 19. h3 Rc7 20. d5 exd5 21. exd5 Nc5 22. d6 Qxd3 23. dxc7 Qxe2 24. Rxe2 Bd6 25. Nd4 Bxc7 26. Nc6 a5 27. Re7 Bd6 28. Ra7 Rc8 29. Ne7+ Bxe7 30. Rxe7 Rd8 31. g4 Rd2 32. Be5 Re2 33. Kg2 Nd3 34. Bd6 Rxe7 35. Bxe7 b5 36. Kf3 f6 37. Ke3 Ne5 38. Ke4 Kf7 39. Bd8 Nc6 40. Bb6 Ke6 41. f4 b4 42. axb4 axb4 43. Bc5 b3 44. f5+ Kf7 45. Ba3 Ne5 46. Kd4 Nf3+ 47. Kc3 Ng5 48. Kxb3 Nxh3 49. Bc5 Ng5 50. Kc3 Ne4+ 51. Kd4 Nxc5 52. Kxc5 g6 53. Kd4 gxf5 54. gxf5 Ke7 55. Ke4 Kd6 56. Kf4 Kd5 57. Kg4 Ke4 58. Kh5 Kxf5 0-1


[Site "https://www.chess.com"]

[Event "Titled Tuesday Blitz December 06 Late 2022"]
[White "Ansh M Shah"]
[Black "Ardila, Oscar Humberto"]
[WhiteFideId "25033379"]
[BlackFideId "4404742"]
[WhiteElo "2084"]
[BlackElo "1961"]
[Result "1/2-1/2"]
[Round "08"]
[TimeControl "180+1"]
[Date "2022.12.07"]
[WhiteClock "0:00:13"]
[BlackClock "0:00:06"]

1. d4 Nf6 2. c4 e6 3. g3 Bb4+ 4. Nd2 O-O 5. Bg2 d6 6. Nf3 Nbd7 7. O-O Qe7 8. a3 Bxd2 9. Bxd2 e5 10. d5 a5 11. b3 Nc5 12. Bc3 Nfe4 13. Bb2 f5 14. Nd2 Bd7 15. Nxe4 fxe4 16. b4 Ba4 17. Qe1 Nb3 18. Rb1 Nd4 19. Bxd4 exd4 20. bxa5 Ra7 21. Qb4 Bc2 22. Rbc1 d3 23. Rfe1 Qf6 24. f3 exf3 25. Bxf3 Qd4+ 26. Kg2 d2 27. Rxc2 dxe1=Q 28. Qxe1 Qc5 29. Qb4 Rxa5 30. Qxb7 Ra7 31. Qb4 Rxa3 32. Qxc5 dxc5 33. Rb2 Rc3 34. Rb7 Rxc4 35. d6 c6 36. Bxc6 Rd4 37. d7 Rd8 38. Rc7 Kf8 39. Rc8 Ke7 40. Kf3 g5 41. Ke3 h5 42. Bb5 Rd5 43. Bc4 R5xd7 44. Rxc5 Kf6 45. h4 gxh4 46. gxh4 Re8+ 47. Kf2 Re5 48. Rc6+ Kg7 49. Bd3 Rde7 50. Rg6+ Kf7 51. Rg3 Kf6 52. Rf3+ Kg7 53. Rg3+ Kf8 54. Rg6 Rf7+ 55. Ke1 Rf4 56. Rh6 Rxh4 57. Kf2 Ke7 58. Kg3 Rg4+ 59. Kf3 Rgg5 60. e4 Kd7 61. Kf4 Ke7 62. Be2 Ra5 63. Bf3 Rge5 64. Rh7+ Kf6 65. Rh6+ Kg7 66. Rb6 Rab5 67. Ra6 Rbc5 68. Ra7+ Kh6 69. Ra6+ Kg7 70. Ra7+ Kf6 71. Ra6+ Re6 72. Ra8 Rce5 73. Rf8+ Kg7 74. Ra8 Re7 75. Ra6 R5e6 76. Ra1 Rf6+ 77. Ke3 Ref7 78. Rh1 Rxf3+ 79. Kd4 Rd7+ 80. Ke5 Re7+ 81. Kd5 Kh6 82. e5 Re3 83. e6 R3xe6 84. Ra1 Re5+ 85. Kd6 Kg5 86. Rg1+ Kf4 87. Rf1+ Kg4 88. Rg1+ Kf3 89. Rf1+ Kg2 90. Rf4 R7e6+ 91. Kd7 Rg6 92. Rh4 Ra5 93. Ke7 Kg3 94. Rh1 h4 95. Rg1+ Kh2 96. Rxg6 h3 97. Kf6 Ra4 98. Kf5 Ra3 99. Kf4 Ra2 100. Kf3 Ra1 101. Kf2 Ra2+ 102. Kf1 Ra1+ 103. Kf2 Ra2+ 104. Kf1 Ra3 105. Kf2 Ra4 106. Kf1 Rf4+ 107. Ke2 Rf7 108. Ke3 Rf1 109. Ke2 Rg1 110. Rf6 Rg2+ 111. Kf1 Rg1+ 112. Kf2 Rg2+ 113. Kf1 Rg1+ 114. Kf2 Rg3 115. Kf1 Rb3 116. Kf2 Kh1 117. Rh6 h2 118. Rg6 Rb2+ 119. Kf1 Rb1+ 120. Kf2 Rg1 121. Rh6 Rg2+ 122. Kf1 Rg1+ 123. Kf2 Rg2+ 124. Kf1 Ra2 125. Rg6 Ra1+ 126. Kf2 Ra2+ 127. Kf1 Ra1+ 128. Kf2 Rg1 129. Rc6 Rg2+ 130. Kf1 Rg1+ 131. Kf2 Rd1 132. Rg6 Rd2+ 133. Kf1 Rd4 134. Kf2 Rf4+ 135. Ke2 Rf7 136. Ke1 Rf5 137. Ke2 Rf7 138. Ke1 Rf8 139. Ke2 Rf4 140. Ke1 Rf5 141. Ke2 Rf4 142. Ke1 Rf8 143. Ke2 Rf5 144. Ke1 Rf4 145. Ke2 Rf5 146. Ke1 Rf3 147. Ke2 Ra3 148. Kf2 Ra2+ 149. Kf1 1/2-1/2


[Site "https://www.chess.com"]

[Event "Titled Tuesday Blitz December 06 Late 2022"]
[White "Averjanov, Alexey"]
[Black "Van Dael, Siem"]
[WhiteFideId "14109867"]
[BlackFideId "1049771"]
[WhiteElo "2659"]
[BlackElo "2336"]
[Result "1/2-1/2"]
[Round "08"]
[TimeControl "180+1"]
[Date "2022.12.06"]
[WhiteClock "0:00:06"]
[BlackClock "0:00:07"]

1. d4 Nf6 2. c4 g6 3. Nc3 Bg7 4. e4 d6 5. Be2 O-O 6. Nf3 e5 7. O-O Nc6 8. d5 Ne7 9. Ne1 Nd7 10. Be3 f5 11. f3 f4 12. Bf2 g5 13. a4 Ng6 14. a5 a6 15. b4 Rf7 16. c5 Nf6 17. c6 bxc6 18. dxc6 Be6 19. Nd5 Bxd5 20. exd5 e4 21. Bd4 Nxd5 22. fxe4 Nc3 23. Bxc3 Bxc3 24. Bc4 Bxa1 25. Qxa1 Ne5 26. Bxf7+ Kxf7 27. Nf3 Nxf3+ 28. gxf3 Rb8 29. Qd4 Rb5 30. Rd1 Qe8 31. Qc4+ Qe6 32. Rd5 Ke7 33. Kg2 g4 34. fxg4 Qxg4+ 35. Kf2 Qh4+ 36. Kg2 Qg4+ 37. Kf2 f3 38. Rxb5 Qg2+ 39. Ke3 axb5 40. Qxb5 f2 41. Qb7 f1=Q 42. Qxc7+ Kf6 43. Qxd6+ Kg5 44. Qe7+ Kh5 45. Qxh7+ Kg4 46. Qg6+ Kh4 47. Qh6+ Kg4 48. Qg6+ Kh4 49. Qh6+ Kg4 50. Qg6+ 1/2-1/2


[Site "https://www.chess.com"]

[Event "Titled Tuesday Blitz December 06 Late 2022"]
[White "Barria Zuniga, Daniel"]
[Black "Toncheva, Nadya"]
[WhiteFideId "3400816"]
[BlackFideId "2924056"]
[WhiteElo "2649"]
[BlackElo "2506"]
[Result "1-0"]
[Round "08"]
[TimeControl "180+1"]
[Date "2022.12.07"]
[WhiteClock "0:01:28"]
[BlackClock "0:00:09"]

1. d4 d5 2. c4 dxc4 3. Nf3 Nf6 4. e3 Bg4 5. Bxc4 e6 6. h3 Bh5 7. Qb3 Bxf3 8. gxf3 Qc8 9. Nc3 Nbd7 10. e4 c6 11. Be3 Be7 12. h4 Qc7 13. h5 Nb6 14. Be2 O-O-O 15. a4 Nbd7 16. a5 Nb8 17. O-O Nxh5 18. Rfc1 Nf4 19. Bf1 a6 20. d5 exd5 21. exd5 Nxd5 22. Bh3+ Nd7 23. Nxd5 Qe5 24. Nb6+ Kc7 25. Nxd7 Rxd7 26. Bxd7 Bg5 27. Bh3 Bxe3 28. Qxe3 Qh5 29. Qf4+ Kd8 1-0


[Site "https://www.chess.com"]

[Event "Titled Tuesday Blitz December 06 Late 2022"]
[White "Bas Mas, Jose Joaquin"]
[Black "Torres Dominguez, David"]
[WhiteFideId "22219064"]
[BlackFideId "2220857"]
[WhiteElo "2233"]
[BlackElo "2037"]
[Result "1-0"]
[Round "08"]
[TimeControl "180+1"]
[Date "2022.12.07"]
[WhiteClock "0:01:01"]
[BlackClock "0:00:03"]

1. e4 Nc6 2. Nc3 e5 3. Nf3 Nf6 4. Bb5 Nd4 5. O-O Nxf3+ 6. Qxf3 c6 7. Bc4 Be7 8. h3 O-O 9. d3 d6 10. Bg5 Be6 11. Bb3 a6 12. Rad1 Nd7 13. Bxe7 Qxe7 14. Qe3 Nc5 15. Ne2 Nxb3 16. axb3 f5 17. exf5 Bxf5 18. Ng3 Bg6 19. f4 Rae8 20. f5 Bf7 21. Rde1 Qh4 22. f6 g6 23. Ne4 d5 24. Nc5 Be6 25. Qxe5 Bf7 26. Qc3 Rxe1 27. Qxe1 Qd4+ 28. Qf2 Qxf2+ 29. Kxf2 Be8 30. Ke3 b6 31. Ne6 Rf7 32. Kd4 Bd7 33. Ng5 Rf8 34. Ke5 h6 35. f7+ Kg7 36. Ne6+ Bxe6 37. Kxe6 d4 38. b4 h5 39. h4 c5 40. bxc5 bxc5 41. b3 Rc8 42. Kd7 Rf8 43. Ke7 a5 44. g3 1-0


[Site "https://www.chess.com"]